 Dungeon Crawl Stone Soup version 0.23.2-30-g0e89c35 (webtiles) character file.

Game seed: 17809635652442105808

4892 Fortress the Arsonist (level 10, 0/69 HPs)
             Began as a Yellow Draconian Fire Elementalist on June 14, 2019.
             Was an Elder of Vehumet.
             Slain by a meliai
             ... wielding a +0 war axe
              (3 damage)
             ... on level 10 of the Dungeon.
             The game lasted 00:47:11 (10049 turns).

Fortress the Arsonist (DrFE)                       Turns: 10049, Time: 00:47:11

Health: 0/69       AC: 10    Str: 11    XL:     10   Next: 26%
Magic:  19/22      EV: 12    Int: 19    God:    Vehumet [****..]
Gold:   590        SH:  0    Dex: 11    Spells: 6/26 levels left

rFire    . . .     SeeInvis .   B - +3 long sword (freeze)
rCold    . . .     Gourm    .   (no shield)
rNeg     . . .     Faith    +   (armour unavailable)
rPois    .         Spirit   .   (helmet restricted)
rElec    .         Reflect  .   (no cloak)
rCorr    +         Harm     .   (no gloves)
MR       .....                  p - +2 pair of boots
Stlth    ++........             q - amulet of faith
HPRegen  0.21/turn              d - +6 ring of slaying
MPRegen  0.18/turn              (no ring)

@: no status effects
A: spit acid, unfitting armour, cold-blooded, acid resistance, AC +7
a: Breathe Acid, Renounce Religion


You were on level 10 of the Dungeon.
You worshipped Vehumet.
Vehumet was greatly pleased with you.
You were not hungry.

You visited 2 branches of the dungeon, and saw 11 of its levels.
You also visited: Ossuary.

You collected 590 gold pieces.

Inventory:

Hand Weapons
 m - a +1 dagger of venom
 z - a +3 vampiric halberd
 B - a +3 long sword of freezing (weapon)
Missiles
 e - 314 stones (quivered)
 g - 109 sling bullets
 v - 11 poisoned needles
Armour
 p - a +2 pair of boots (worn)
 I - a +0 buckler
Jewellery
 d - a +6 ring of slaying (left hand)
 i - a cursed -2 ring of protection {unknown}
 q - an amulet of faith (around neck)
 C - a +2 ring of strength {unknown}
Wands
 o - a wand of digging (5)
 u - a wand of random effects (20)
 x - a wand of polymorph (10)
 y - a wand of acid (12)
 A - a wand of paralysis (18)
 H - a wand of enslavement (6)
Scrolls
 f - a scroll of teleportation
 h - 6 scrolls of remove curse
 k - 4 scrolls of identify
 s - a scroll of enchant weapon
 E - a scroll of blinking
 F - 4 scrolls of fear
 J - a scroll of torment {unknown}
Potions
 a - a potion of ambrosia
 c - 3 potions of curing
 j - 8 potions of haste
 l - 2 potions of lignification
 n - 2 potions of might {unknown}
 r - a potion of magic {unknown}
 t - a potion of resistance
 w - 3 potions of flight
 D - a potion of cancellation {unknown}
 G - a potion of invisibility {unknown}
Comestibles
 b - 11 rations
 K - a chunk of flesh


   Skills:
 - Level 2.0 Dodging
 - Level 2.0 Stealth
 + Level 8.9 Spellcasting
 + Level 8.3 Conjurations
 + Level 9.1 Fire Magic


You had 6 spell levels left.
You knew the following spells:

 Your Spells              Type           Power        Failure   Level  Hunger
a - Flame Tongue          Conj/Fire      #####        1%          1    None
b - Throw Flame           Conj/Fire      #####.       1%          2    None
c - Conjure Flame         Conj/Fire      #####...     1%          3    None
d - Searing Ray           Conj           #####.       1%          2    None
e - Inner Flame           Hex/Fire       ####....     1%          3    None
f - Sticky Flame          Conj/Fire      #####...     1%          4    ###....
g - Fireball              Conj/Fire      #####.....   1%          5    #####..

Your spell library contained the following spells:

 Spells                   Type           Power        Failure   Level  Hunger
 Bolt of Magma            Conj/Fire/Erth ####......   6%          5    #####..
 Throw Frost              Conj/Ice       ###...       1%          2    None
 Freeze                   Ice            #...         2%          1    None
 Throw Icicle             Conj/Ice       ###.....     4%          4    ###....
 Ozocubu's Armour         Chrm/Ice       #.......     26%         3    None
 Summon Ice Beast         Ice/Summ       #.......     63%         4    ###....


Dungeon Overview and Level Annotations

Branches:
Dungeon (10/15)            Temple (1/1) D:7
   Lair: D:8-11         Orc: D:9-12

Altars:
Ashenzari
Cheibriados
Dithmenos
Elyvilon
Fedhas
Gozag
Hepliaklqana
Kikubaaqudgha
Makhleb
Nemelex Xobeh
Okawaru
Qazlal
Ru
Sif Muna
Trog
Uskayaw
Vehumet
Wu Jian
Xom
Yredelemnul
Zin
The Shining One

Shops:
D:10 (

Annotations:
D:8 Psyche


Innate Abilities, Weirdness & Mutations

You can spit globs of acid.
Your golden yellow scales are hard. (AC +7)
You cannot fit into any form of body armour.
You are cold-blooded and may be slowed by cold attacks.
You are resistant to acid. (rCorr)


Message History

Aim: a meliai, wielding a +0 war axe and wearing a +0 leather armour The flame tongue misses the meliai.
You feel sick. The meliai hits you with a +0 war axe.
The meliai closely misses you.
Casting: Flame Tongue (safe; 1% risk of failure)
Confirm with . or Enter, or press ? or * to list all spells.
Aiming: Flame Tongue (safe; 1% risk of failure)
Press: ? - help, Shift-Dir - straight line, f/p - meliai
Aim: a meliai, wielding a +0 war axe and wearing a +0 leather armour The flame tongue hits the meliai!
The meliai is heavily wounded.
You feel sick. The meliai hits you with a +0 war axe.
The meliai barely misses you. The meliai hits you with a +0 war axe.
The meliai stings you!
* * * LOW HITPOINT WARNING * * *
You feel better. The meliai barely misses you. The meliai closely misses you.
An orc comes into view. It is wielding a +0 club.
The meliai hits you with a +0 war axe!!
* * * LOW HITPOINT WARNING * * *
The meliai stings you.
You die...

..# ..# ..## # #
..##. # o .# ..##.#
# .#. # #.#
.#..#...# ..###...#
.#..#..#. ###.#.#..
.#.##.#..
##.##y).#.# .##.
#...##...##@..#
#.#. ###..#.#..####
##.#..#..#######..#
#
#.##..†#######...#
# #.####..(....####
#####..............
#..................
...................
......÷....#.#.....


You could see a meliai and an orc (wandering).

Vanquished Creatures
  A two-headed ogre (D:9)
  A komodo dragon (D:10)
  A hungry ghost (D:7)
  3 sky beasts
  4 ogres
  An orc warrior (D:8)
  A black bear (D:7)
  3 phantoms
  3 centaurs
  8 bullfrogs
  A wyvern zombie (D:8)
  3 water moccasin zombies (Ossuary)
  3 scorpions
  3 wights (D:7)
  3 howler monkeys
  3 crimson imps
  A centaur zombie (D:6)
  A quasit (D:8)
  A centaur skeleton (D:4)
  3 hounds
  5 orc priests
  3 bullfrog skeletons
  Ijyb (D:3)
  3 iguanas
  9 orc wizards
  5 worker ants
  A killer bee zombie (D:6)
  5 big kobold zombies (Ossuary)
  2 mummies (Ossuary)
  7 gnolls
  10 adders
  2 shadow imps
  4 adder zombies (Ossuary)
  4 worms
  4 dart slugs
  4 leopard geckos
  25 orcs
  7 giant cockroaches
  5 gnoll zombies
  8 goblins
  6 hobgoblins
  11 kobolds
  10 quokkas
  9 bats
  2 frilled lizards
  A giant cockroach zombie (D:5)
  3 hobgoblin zombies (Ossuary)
  A jackal zombie (D:7)
  3 kobold zombies (Ossuary)
  3 leopard gecko skeletons
  10 orc zombies (Ossuary)
  7 rats
228 creatures vanquished.

Notes
Turn   | Place    | Note
-------+----------+-------------------------------------------
     0 | D:1      | Fortress the Draconian Fire Elementalist began the quest
                  | for the Orb.
     0 | D:1      | Reached XP level 1. HP: 14/14 MP: 3/3
   195 | D:1      | Reached XP level 2. HP: 20/20 MP: 1/5
   942 | D:2      | Reached XP level 3. HP: 11/26 MP: 0/6
  1482 | D:2      | Found a faded altar of an unknown god.
  1630 | D:2      | Reached XP level 4. HP: 33/33 MP: 5/8
  1773 | D:2      | Reached skill level 4 in Fire Magic
  2131 | D:3      | Found an ancient bone altar of Kikubaaqudgha.
  2131 | D:3      | Noticed Ijyb
  2142 | D:3      | Killed Ijyb
  2255 | D:3      | Found a shattered altar of Ashenzari.
  2608 | D:3      | Found a radiant altar of Vehumet.
  2617 | D:3      | Became a worshipper of Vehumet
  3029 | D:3      | Found a shimmering altar of Xom.
  3204 | D:4      | Reached XP level 5. HP: 38/38 MP: 2/9
  3677 | D:4      | Found a shadowy altar of Dithmenos.
  3797 | D:4      | Reached XP level 6. HP: 41/45 MP: 7/11
  3977 | D:4      | Learned a level 2 spell: Throw Flame
  3981 | D:4      | Learned a level 3 spell: Conjure Flame
  4052 | D:4      | Reached skill level 5 in Fire Magic
  4121 | D:4      | Reached * piety under Vehumet
  4121 | D:4      | Offered knowledge of Sting by Vehumet.
  4145 | D:4      | Your scales start taking on a golden yellow colour.
  4145 | D:4      | Reached XP level 7. HP: 37/50 MP: 1/13
  4145 | D:4      | Gained mutation: You are resistant to acid. (rCorr) [Yellow
                  | Draconian growth]
  4418 | D:4      | Found a blossoming altar of Fedhas.
  4562 | D:5      | Entered Level 5 of the Dungeon
  4662 | D:5      | Reached skill level 5 in Spellcasting
  5105 | D:5      | Found a hazy altar of Hepliaklqana.
  5173 | D:5      | Reached ** piety under Vehumet
  5173 | D:5      | Reached skill level 6 in Fire Magic
  5316 | D:5      | Reached XP level 8. HP: 44/57 MP: 9/16
  5364 | D:5      | Found a bloodstained altar of Trog.
  5762 | D:6      | Offered knowledge of Freeze by Vehumet.
  5776 | D:6      | Reached skill level 5 in Conjurations
  6132 | D:6      | Found an ornate altar of the Wu Jian Council.
  6190 | D:6      | Found a basalt altar of Yredelemnul.
  6275 | D:6      | Found a glowing silver altar of Zin.
  6441 | D:7      | Reached skill level 7 in Fire Magic
  6502 | D:7      | Offered knowledge of Searing Ray by Vehumet.
  6691 | D:7      | Reached XP level 9. HP: 14/62 MP: 15/19
  6695 | D:7      | HP: 1/62 [centaur/arrow (9)]
  7158 | D:7      | Found a staircase to the Ecumenical Temple.
  7168 | Temple   | Entered the Ecumenical Temple
  7612 | D:7      | Reached *** piety under Vehumet
  7693 | D:8      | Learned a level 2 spell: Searing Ray
  7697 | D:8      | Learned a level 3 spell: Inner Flame
  7702 | D:8      | Learned a level 4 spell: Sticky Flame
  8016 | D:8      | Reached skill level 8 in Fire Magic
  8271 | D:8      | Found a sand-covered staircase.
  8287 | Ossuary  | Entered an ossuary
  8325 | Ossuary  | Offered knowledge of Olgreb's Toxic Radiance by Vehumet.
  8553 | Ossuary  | Reached **** piety under Vehumet
  8694 | Ossuary  | Offered knowledge of Bolt of Magma by Vehumet.
  8802 | D:8      | Learned a level 5 spell: Fireball
  8974 | D:8      | Noticed Psyche
  9406 | D:9      | Noticed a two-headed ogre
  9424 | D:9      | Killed a two-headed ogre
  9424 | D:9      | Reached XP level 10. HP: 69/69 MP: 11/22
  9564 | D:10     | Entered Level 10 of the Dungeon
  9564 | D:10     | Found Jeon's Antique Weapon Boutique.
  9611 | D:10     | Reached skill level 9 in Fire Magic
 10049 | D:10     | HP: 3/69 [meliai/+0 war axe (18)]
 10049 | D:10     | Slain by a meliai

Skill      XL: |  1  2  3  4  5  6  7  8  9 10 |
---------------+-------------------------------+-----
Stealth        | 2 |  2.0
Fire Magic     | 4 5 6 7 8 9 |  9.1
Spellcasting   | 3 4 5 6 8 |  8.9
Dodging        | 2 |  2.0
Conjurations   | 2 3 4 6 8 |  8.3

Action                   |  1- 3 |  4- 6 |  7- 9 | 10-12 || total
-------------------------+-------+-------+-------+-------++-------
Melee: Dagger            |    14 |    42 |    39 |       ||    95
       Tailslap          |     1 |     5 |     8 |       ||    14
       Long sword        |       |       |    19 |     9 ||    28
 Cast: Flame Tongue      |    61 |   117 |   350 |    48 ||   576
       Conjure Flame     |       |     1 |     5 |       ||     6
       Throw Flame       |       |       |    18 |     6 ||    24
       Fireball          |       |       |     1 |       ||     1
  Use: Scroll            |       |     9 |     9 |       ||    18
       Potion            |       |       |     4 |     1 ||     5
 Stab: Sleeping          |       |       |       |     2 ||     2
  Eat: Chunk             |     2 |     8 |     6 |     3 ||    19
       Ration            |       |       |     3 |       ||     3
Armor: Skin              |     5 |    22 |    62 |    11 ||   100
Dodge: Dodged            |    18 |    53 |   143 |    21 ||   235
       Rpst.: Long sword |       |       |    21 |     4 ||    25
